 Dungeon Crawl Stone Soup version 0.16.1-2-g95b8d4c (console) character file.

27 gw the Conjurer (level 3, -3/20 HPs)
             Began as a Tengu Conjurer on Mar 25, 2015.
             Slain by an adder (4 damage)
             ... on level 2 of the Dungeon.
             The game lasted 00:01:13 (1435 turns).

gw the Conjurer (Tengu Conjurer)                    Turns: 1435, Time: 00:01:13

Health: -3/20      AC:  3    Str:  8    XL:     3   Next: 10%
Magic:  0/7        EV: 12    Int: 16    God:
Gold:   62         SH:  0    Dex: 14    Spells: 3 memorised, 1 level left

rFire  . . .     SeeInvis .     b - +0 club
rCold  . . .     Clarity  .     m - +0 leather armour
rNeg   . . .     SustAb   .     (no shield)
rPois  .         Gourm    .     (helmet restricted)
rElec  .         Spirit   .     (no cloak)
rCorr  .         Warding  .     (no gloves)
rMut   .         Stasis   .     (boots unavailable)
MR     .....                    (no amulet)
Stlth  ++........               (no ring)
                                (no ring)

@: lethally poisoned (-3 -> -9), not resistant to hostile enchantments,
unstealthy
A: beak, talons 3
a: no special abilities


You were on level 2 of the Dungeon.
You were hungry.

You visited 1 branch of the dungeon, and saw 2 of its levels.

You collected 62 gold pieces.

Inventory:

Hand weapons
 b - a +0 club (weapon)
Missiles
 a - 15 stones (quivered)
 k - 8 curare-tipped needles
 l - 17 poisoned needles
Armour
 m - a +0 leather armour (worn)
Scrolls
 d - a scroll of identify
Books
 c - a book of Conjurations

   Spells                             Type                      Level
   a - Magic Dart                     Conjuration                  1
   b - Searing Ray                    Conjuration                  2
   c - Dazzling Spray                 Conjuration/Hexes            3
   d - Fulminant Prism                Conjuration/Hexes            4
   e - Iskenderun's Mystic Blast      Conjuration                  4
   f - Iskenderun's Battlesphere      Conjuration/Charms           5
Comestibles
 h - a bread ration
 i - a royal jelly


   Skills:
 + Level 0.8 Fighting
 + Level 0.4 Maces & Flails
 + Level 2.5 Dodging
 - Level 2.0 Stealth
 * Level 2.6 Spellcasting
 + Level 5.4 Conjurations


You had one spell level left.
You knew the following spells:

 Your Spells              Type           Power        Failure   Level  Hunger
a - Magic Dart            Conj           ###.         3%          1    #......
b - Searing Ray           Conj           ###...       6%          2    ##.....
c - Dazzling Spray        Conj/Hex       ##......     34%         3    ###....


Dungeon Overview and Level Annotations

Branches:
Dungeon (2/15)

Altars:


Innate Abilities, Weirdness & Mutations

You have a beak for a mouth.
You have claws for feet.


Message History

Unknown command.
Unknown command.
Casting: Magic Dart
Confirm with . or Enter, or press ? or * to list all spells.
Aiming: Magic Dart
Press: ? - help, Shift-Dir - straight line, f - adder
Aim: an adder (heavily wounded)
The magic dart hits the adder.
The adder is severely wounded.
You are feeling hungry.
You feel sick. The adder completely misses you.
Unknown command.
Unknown command.
Unknown command.
Unknown command.
ATTACKING (-1,0)
You closely miss the adder.
The adder is severely wounded.
You feel sick. The adder bites you.
You die...

# . .. #..# #. ##..#
##. .... .. #..# #.
#..# #.############
##..# #......SQ....#
....######.....#####.#
.....................#
....##..(#.....####..#
....##...#.....#
....#########....
##..........+.....
#.......## #.....
#.......# #.....


You could see an adder.

Table legend:
 A = Turns spent in this place as a percentage of turns spent in the entire game.
 B = Non-inter-level travel turns spent in this place as a percentage of non-inter-level travel turns spent in the entire game.
 C = Inter-level travel turns spent in this place as a percentage of turns spent in this place.
 D = Turns resting spent in this place as a percentage of non-inter-level travel turns spent in this place.
 E = Turns spent auto-exploring this place as a percentage of non-inter-level travel turns spent in this place.
 F = Non-inter-level travel turns spent in this place divided by the number of levels of this place that you've seen.
                   A       B       C       D       E      F
               +-------+-------+-------+-------+-------+----------------------
         Total | 100.0 | 100.0 |   0.5 |   2.5 |   3.0 | 812.5
       Dungeon | 100.0 | 100.0 |   0.5 |   2.5 |   3.0 | 812.5
               +-------+-------+-------+-------+-------+----------------------

Table legend:
 A = Kills in this place as a percentage of kills in entire the game.
 B = Kills by you in this place as a percentage of kills by you in the entire game.
 C = Kills by friends in this place as a percentage of kills by friends in the entire game.
 D = Other kills in this place as a percentage of other kills in the entire game.
 E = Experience gained in this place as a percentage of experience gained in the entire game.
 F = Experience gained in this place divided by the number of levels of this place that you have seen.
                   A       B       C       D       E      F
               +-------+-------+-------+-------+-------+----------------------
         Total | 100.0 | 100.0 |  -nan |  -nan | 100.0 |  19.5
       Dungeon | 100.0 | 100.0 |  -nan |  -nan | 100.0 |  19.5
               +-------+-------+-------+-------+-------+----------------------

Vanquished Creatures
  A giant mite (D:1)
  An ooze (D:1)
  3 giant cockroaches
  2 hobgoblins
  3 kobolds
  2 bats
  2 giant newts (D:1)
  4 goblins
  A rat (D:1)
19 creatures vanquished.

Notes
Turn   | Place    | Note
--------------------------------------------------------------
     0 | D:1      | gw, the Tengu Conjurer, began the quest for the Orb.
     0 | D:1      | Reached XP level 1. HP: 10/10 MP: 3/3
   482 | D:1      | Reached XP level 2. HP: 15/15 MP: 2/6
   535 | D:1      | Learned a level 2 spell: Searing Ray
  1264 | D:2      | Reached XP level 3. HP: 20/20 MP: 4/7
  1313 | D:2      | Learned a level 3 spell: Dazzling Spray
  1435 | D:2      | HP: 1/20 [poisoned by an adder]
  1435 | D:2      | Slain by an adder

Action                   || total
-------------------------++-------
Melee: Unarmed           ||     2
       Club              ||    11
Throw: Stone             ||     1
 Cast: Magic Dart        ||    42
       Dazzling Spray    ||     3
  Use: Scroll            ||     4
       Potion            ||     2
  Eat: Chunk             ||     2

Vault maps used:
D:1:      mrwooster_arrival_statue
D:2:      overflow_temple_1_default, lemuel_zombie_altar_yredelemnul,
          first_bread, dk_noncrumbling_4, minmay_misc_feat_plants
